 Dungeon Crawl Stone Soup version 0.17-a0-1850-g688e747 (webtiles) character file.

354 kae the Poker (level 6, -11/56 HPs)
             Began as a Naga Fighter on Sept 19, 2015.
             Was an Initiate of Cheibriados.
             Mangled by an ogre
             ... wielding a +0 giant spiked club
              (12 damage)
             ... on level 4 of the Dungeon.
             The game lasted 00:03:57 (3501 turns).

kae the Poker (Naga Fighter)                        Turns: 3501, Time: 00:03:57

Health: -11/56     AC:  6    Str: 20    XL:     6   Next: 62%
Magic:  6/6        EV:  5    Int:  9    God:    Cheibriados [......]
Gold:   184        SH:  9    Dex: 13    Spells: 0 memorised, 5 levels left

rFire  . . .     SeeInvis +     a - +1 trident
rCold  . . .     Clarity  .     b - +1 scale mail
rNeg   + . .     SustAt   .     c - +0 shield
rPois  +         Gourm    .     (no helmet)
rElec  .         Spirit   .     (no cloak)
rCorr  .         Warding  +     (no gloves)
rMut   .         Stasis   .     (no barding)
MR     .....                    s - amulet of warding
Stlth  ..........               (no ring)
                                f - ring of invisibility

@: very slow, not resistant to hostile enchantments, extremely unstealthy
A: see invisible, deformed body, poison resistance, slowness 2, slow metabolism
1, spit poison 2, AC +2
a: Spit Poison, Bend Time, Renounce Religion, Evoke Invisibility


You were on level 4 of the Dungeon.
You worshipped Cheibriados.
Cheibriados was noncommittal.
You were not hungry.

You visited 2 branches of the dungeon, and saw 5 of its levels.

You collected 184 gold pieces.

Inventory:

Hand weapons
 a - a +1 trident (weapon)
Armour
 b - a +1 scale mail (worn)
 c - a +0 shield (worn)
Jewellery
 f - a ring of invisibility (left hand)
 s - an amulet of warding (around neck)
Scrolls
 k - 3 scrolls of identify
 p - a scroll of enchant armour
Potions
 n - a potion of curing {unknown}
 q - 3 potions of agility {unknown}
 r - a potion of lignification {unknown}
Comestibles
 e - 3 bread rations
 h - 4 chunks of flesh
 j - 2 slices of pizza
 o - 3 meat rations
 u - a royal jelly


   Skills:
 - Level 3.0 Fighting
 + Level 6.8 Polearms
 - Level 2.4 Armour
 - Level 2.4 Shields


You had 5 spell levels left.
You didn't know any spells.

Dungeon Overview and Level Annotations

Branches:
Dungeon (4/15)             Temple (1/1) D:4

Altars:
Ashenzari
Cheibriados
Dithmenos
Elyvilon
Fedhas
Gozag
Kikubaaqudgha
Makhleb
Nemelex Xobeh
Qazlal
Ru
Xom
Yredelemnul


Innate Abilities, Weirdness & Mutations

You cannot wear boots.
Your serpentine skin is tough (AC +2).
You have supernaturally acute eyesight.
Armour fits poorly on your strangely shaped body.
Your system is resistant to poisons.
You cover ground very slowly.
You have a slow metabolism.
You can spit poison.


Message History

* * * LOW HITPOINT WARNING * * *
The scorpion stings you.
* * * LOW HITPOINT WARNING * * *
The adder skeleton bites you.
* * * LOW HITPOINT WARNING * * *
You are too injured to fight recklessly!
Unknown command.
Unknown command.
Read which item? (? for menu, Esc to quit)
Okay, then.
Read which item? (? for menu, Esc to quit)
As you read the scroll labeled FEOMULOQUB, it crumbles to dust.
It is a scroll of enchant weapon.
Enchant which weapon? (? for menu, Esc to quit)
Your +0 trident glows red for a moment.
The scorpion stings you but does no damage.
The adder skeleton bites you.
* * * LOW HITPOINT WARNING * * *
The ogre hits you with a giant spiked club!
You die...

********,**#.........
#..........#.....###.
#..........#.....###.
#..........#.....##..
#..........#.....##..
**####..........#.....##..
*,..............#.........
***,####...Z......#.........
*,,,.......@s.....#.........
*,*,..######O.....†.........
*,*,,***,,*#......#.........
*,*,**#......###############
*,*,**.s.#...# *
*,,,*,.,,##..# *
*,,,*,,**,##.# *
*,*,**,,**,#.#
*,*,**,,,**#.#


You could see an ogre, a scorpion and an adder skeleton.

Vanquished Creatures
  Purgy (D:4)
  A hound (D:4)
  An iguana (D:4)
  Ijyb (D:2)
  3 gnolls (D:3)
  6 adders
  2 worms
  4 giant geckos
  5 orcs (D:3)
  9 goblins
  6 hobgoblins
  4 jackals (D:3)
  5 quokkas
  9 bats
  5 giant cockroaches
  6 giant newts
  8 kobolds
  7 rats
83 creatures vanquished.

Notes
Turn   | Place    | Note
--------------------------------------------------------------
     0 | D:1      | kae the Naga Fighter began the quest for the Orb.
     0 | D:1      | Reached XP level 1. HP: 21/21 MP: 1/1
   343 | D:1      | Reached XP level 2. HP: 28/28 MP: 2/2
   804 | D:2      | Noticed Ijyb
   822 | D:2      | Killed Ijyb
   822 | D:2      | Reached XP level 3. HP: 25/34 MP: 3/3
   835 | D:2      | Reached skill level 4 in Polearms
   835 | D:2      | Reached XP level 4. HP: 19/42 MP: 4/4
  1983 | D:3      | Reached skill level 5 in Polearms
  1983 | D:3      | Reached XP level 5. HP: 46/49 MP: 5/5
  2575 | D:3      | Paralysed by a gnoll for 2 turns
  2987 | D:3      | Found a shimmering altar of Xom.
  3127 | D:3      | Found a stormy altar of Qazlal.
  3241 | D:4      | Found a staircase to the Ecumenical Temple.
  3250 | Temple   | Entered the Ecumenical Temple
  3313 | Temple   | Became a worshipper of Cheibriados the Contemplative
  3354 | D:4      | Reached skill level 6 in Polearms
  3366 | D:4      | Reached XP level 6. HP: 50/56 MP: 6/6
  3439 | D:4      | Noticed Purgy
  3451 | D:4      | Killed Purgy
  3491 | D:4      | Noticed an ogre
  3500 | D:4      | HP: 1/56 [adder skeleton (2)]
  3501 | D:4      | Mangled by an ogre

Vault maps used:
D:1:      minmay_arrival_diagonal_passages
D:2:      wad_floor_pattern_2, uniq_iyjb
D:3:      nicolae_qazlal_eye_of_the_storm, tgw_xom
D:4:      lemuel_blue_sif_altar, minmay_temple_entry_purple_smoke, first_bread,
          minmay_cupped, uniq_purgy, uniq_edmund
Temple:   nicolae_temple_x_marks_the_god

Action                   |  1- 3 |  4- 6 || total
-------------------------+-------+-------++-------
Melee: Trident           |    86 |   282 ||   368
 Abil: Spit Poison       |     2 |     4 ||     6
  Use: Scroll            |       |     8 ||     8
       Potion            |       |     3 ||     3
  Eat: Bread ration      |       |     1 ||     1
       Chunk             |       |     4 ||     4
